 Dungeon Crawl Stone Soup version 0.20.1-1-g8b1a95d (webtiles) character file.

158 polve the Chopper (level 5, -1/38 HPs)
             Began as a Demonspawn Gladiator on July 6, 2017.
             Slain by Zachthehappycat's ghost (5 damage)
             ... on level 4 of the Dungeon.
             The game lasted 00:02:59 (3209 turns).

polve the Chopper (Demonspawn Gladiator)            Turns: 3209, Time: 00:03:00

Health: -1/38      AC:  3    Str: 15    XL:     5   Next: 16%
Magic:  5/5        EV: 12    Int: 10    God:
Gold:   100        SH:  0    Dex: 14    Spells: 4/4 levels left

rFire    . . .     SeeInvis .   a - +0 war axe
rCold    . . .     Gourm    .   (no shield)
rNeg     . . .     Faith    .   b - +0 leather armour
rPois    .         Spirit   .   (helmet restricted)
rElec    .         Reflect  .   (no cloak)
rCorr    .         Harm     .   (no gloves)
MR       .....                  (no boots)
Stlth    +.........             (no amulet)
Regen    0.2/turn               (no ring)
MPRegen  0.1/turn               (no ring)

@: no status effects
A: antennae 1, rot immunity
a: no special abilities


You were on level 4 of the Dungeon.
You were hungry.

You visited 1 branch of the dungeon, and saw 4 of its levels.

You collected 100 gold pieces.

Inventory:

Hand Weapons
 a - a +0 war axe (weapon)
Missiles
 d - 5 throwing nets (quivered)
Armour
 b - a +0 leather armour (worn)
Jewellery
 s - an uncursed ring of positive energy {unknown}
 u - an uncursed ring of resist corrosion {unknown}
Wands
 c - a wand of confusion (13/48)
Scrolls
 e - a scroll of blinking {unknown}
 i - 7 scrolls of identify {unknown}
 j - 4 scrolls of remove curse {unknown}
 l - a scroll of enchant weapon {unknown}
 n - 2 scrolls of immolation {unknown}
 o - a scroll of enchant armour {unknown}
 p - a scroll of amnesia {unknown}
 v - a scroll of noise {unknown}
 w - a scroll of random uselessness {unknown}
Potions
 h - 3 potions of flight
 m - a potion of heal wounds
 q - 2 potions of agility {unknown}
 t - a potion of cancellation {unknown}
Comestibles
 f - 2 bread rations
 g - 4 chunks of flesh
 k - 3 meat rations
 r - a royal jelly


   Skills:
 - Level 2.0 Fighting
 + Level 5.3 Axes
 - Level 1.7 Throwing
 - Level 2.6 Dodging


You had 4 spell levels left.
You didn't know any spells.

Dungeon Overview and Level Annotations

Branches:
Dungeon (4/15)
 Temple: D:4-7

Altars:
Okawaru
Sif Muna

Annotations:
D:4 Zachthehappycat's ghost, amateur TeAE


Innate Abilities, Weirdness & Mutations

You have a pair of small antennae on your head.
You are immune to rotting.


Message History

Zachthehappycat's ghost hits you.
* * * LOW HITPOINT WARNING * * *
x2 You hit Zachthehappycat's ghost.
Zachthehappycat's ghost is severely damaged.
Zachthehappycat's ghost hits you but does no damage.
You hit Zachthehappycat's ghost.
Zachthehappycat's ghost is severely damaged.
Zachthehappycat's ghost hits you.
* * * LOW HITPOINT WARNING * * *
x2 You hit Zachthehappycat's ghost.
Zachthehappycat's ghost is severely damaged.
Zachthehappycat's ghost hits you.
* * * LOW HITPOINT WARNING * * *
x2 Zachthehappycat's ghost hits you.
* * * LOW HITPOINT WARNING * * *
x2 You hit Zachthehappycat's ghost but do no damage.
Zachthehappycat's ghost is severely damaged.
You are feeling hungry.
Zachthehappycat's ghost hits you.
You die...

.....[... #.......# ..
#.......#...
#####.......#...
................. . ..
................. . .
.........W....... . .
..........@....... .##.
..............#... ...#
..............# ...#
......#.......# ...#
......##.#####..# ..<#
.......#.## .... ...#
..........###.....
...##########...........
#.....###.............


You could see Zachthehappycat's ghost.

Vanquished Creatures
  4 gnolls (D:3)
  5 adders (D:2)
  An ooze (D:2)
  A dart slug (D:1)
  2 leopard geckos
  An orc (D:3)
  2 ball pythons
  5 bats
  A giant cockroach (D:2)
  12 goblins
  4 hobgoblins
  11 jackals
  A quokka (D:3)
  4 frilled lizards
  2 kobolds (D:1)
  A leopard gecko skeleton (D:4)
  10 rats
67 creatures vanquished.

Notes
Turn   | Place    | Note
-------+----------+-------------------------------------------
     0 | D:1      | polve the Demonspawn Gladiator began the quest for the Orb.
     0 | D:1      | Reached XP level 1. HP: 16/16 MP: 1/1
    69 | D:1      | Reached skill level 3 in Axes
   312 | D:1      | Gained mutation: You are immune to rotting. [demonic ancestry]
   312 | D:1      | Reached XP level 2. HP: 22/22 MP: 2/2
   597 | D:1      | Reached XP level 3. HP: 27/27 MP: 3/3
  1148 | D:2      | Reached skill level 4 in Axes
  1351 | D:2      | Gained mutation: You have a pair of small antennae on your head. [demonic ancestry]
  1351 | D:2      | Reached XP level 4. HP: 12/33 MP: 4/4
  1581 | D:2      | HP: 1/49 [poisoned by an adder]
  2030 | D:2      | Found an iron altar of Okawaru.
  2144 | D:3      | Found a faded altar of an unknown god.
  2381 | D:3      | Reached skill level 5 in Axes
  2525 | D:3      | Reached XP level 5. HP: 23/38 MP: 5/5
  2752 | D:3      | Found a deep blue altar of Sif Muna.
  3197 | D:4      | Noticed Zachthehappycat's ghost (amateur TeAE)
  3209 | D:4      | Slain by Zachthehappycat's ghost

Skill      XL: |  1  2  3  4 |
---------------+-------------+-----
Axes           | 3 4 5 |  5.3
Fighting       | |  2.0
Throwing       | |  1.7
Dodging        | |  2.6

Action                   |  1- 3 |  4- 6 || total
-------------------------+-------+-------++-------
Melee: War axe           |   100 |   101 ||   201
  Use: Potion            |     2 |     3 ||     5
 Stab: Sleeping          |     1 |       ||     1
  Eat: Chunk             |     1 |     6 ||     7
Armor: Leather armour    |    46 |    19 ||    65
       Skin              |       |     3 ||     3
Dodge: Dodged            |    84 |    67 ||   151
